Map: Thunderbird LE

Players

PtitDrogo - Winner!

  • Race: Protoss Protoss
  • League: Master
  • Spawn Location: 5:00

GOReynor (Reynor)

  • Race: Zerg Zerg
  • League: Master
  • Spawn Location: 11:00

Event: QLASH StarCraft II Invitational 2 Offline Finals

VOD

Have the link to the VOD?

Description

Time

  • Played on: July 27, 2019, 3:42 p.m.
  • Length: 12:24

All games in this series

Show
View Real Time Build Order
Export as new Build Order

PtitDrogo Protoss - Winner!

Build Orders: 1 Gate Expand, Oracle Opening, Archon Immortal 

Get SALT Encoding   

  12  0:00  Probe  
  13  0:12  Probe  
  14  0:19  Pylon  
  14  0:25  Probe  
  15  0:33  Probe  
  15  0:41  Gateway  
  15  0:42  Probe  
  17  0:51  Assimilator  
  17  0:52  Probe  
  18  1:04  Probe  
  19  1:16  Probe  
  20  1:31  Nexus  
  20  1:38  Cybernetics Core  
  20  1:41  Probe  
  21  1:47  Assimilator  
  21  1:53  Probe  
  22  1:56  Pylon  
  22  2:05  Adept, Probe  
  25  2:17  Probe  
  25  2:20  Stargate  
  26  2:27  Stalker  
  26  2:29  Probe  
  27  2:31  Warp Gate  
  27  2:39  Probe  
  27  2:43  Probe  
  31  2:47  Probe  
  32  2:55  Probe  
  32  2:56  Oracle  
  32  2:57  Probe  
  37  3:07  Probe  
  37  3:09  Probe  
  39  3:14  Pylon  
  39  3:19  Probe  
  40  3:21  Probe  
  40  3:25  Oracle  
  41  3:31  Probe  
  45  3:35  Probe  
  46  3:41  Gateway  
  46  3:43  Probe  
  47  3:58  Probe x2  
  47  4:01  Nexus  
  49  4:04  Pylon  
  49  4:05  Oracle  
  52  4:10  Probe  
  52  4:11  Probe, Assimilator  
  52  4:13  Assimilator  
  54  4:21  Pylon  
  54  4:23  Probe x2  
  56  4:24  Robotics Facility  
  56  4:35  Probe x2  
  58  4:41  Twilight Council  
  58  4:42  Forge  
  58  4:44  Probe x2  
  58  4:51  Pylon  
  58  4:52  Probe x2, Sentry  
  64  5:01  Probe  
  64  5:02  Probe  
  64  5:06  Observer  
  63  5:13  Probe  
  63  5:14  Probe  
  66  5:16  Gateway x2  
  66  5:17  Gateway, Probe  
  66  5:19  Gateway  
  67  5:24  Charge  
  67  5:25  Probe x2  
  67  5:26  Probe  
  69  5:30  Protoss Ground Weapons Level 1  
  69  5:33  Probe  
  69  5:34  Immortal  
  74  5:38  Probe, Pylon  
  76  5:45  Probe  
  76  5:46  Probe  
  76  5:49  Assimilator x2  
  78  5:50  Probe  
  79  5:58  Probe x2  
  79  6:00  Pylon  
  79  6:03  Immortal, Probe  
  82  6:06  Robotics Facility, Templar Archives  
  82  6:10  Probe x2  
  84  6:13  Zealot  
  84  6:14  Zealot  
  84  6:15  Probe  
  84  6:17  Gateway  
  93  6:20  Psionic Storm  
  93  6:22  Probe  
  93  6:23  Probe  
  93  6:24  Gateway  
  95  6:28  Zealot  
  97  6:41  Probe  
  97  6:43  Probe  
  97  6:45  Nexus  
  97  6:46  Pylon  
  99  6:47  Warp Prism  
  99  6:50  Pylon  
  99  6:53  Immortal  
  105  6:55  Probe  
  105  6:57  High Templar  
  105  7:00  Pylon  
  105  7:01  Pylon  
  108  7:02  Probe  
  108  7:08  Probe  
  111  7:15  Probe  
  111  7:17  Shield Battery x2  
  111  7:20  High Templar x5  
  121  7:23  Assimilator  
  121  7:26  Assimilator  
  121  7:33  Protoss Ground Weapons Level 2  
  115  7:39  Immortal  
  115  7:40  Zealot  
  115  7:42  Zealot x2  
  123  7:46  Photon Cannon  
  123  7:48  Pylon  
  123  7:49  Immortal  
  127  7:56  Probe  
  127  7:57  Photon Cannon  
  128  8:04  Zealot x2  
  128  8:05  Zealot x2, High Templar  
  136  8:06  High Templar, Zealot x2  
  136  8:09  Archon  
  144  8:14  Immortal  
  124  8:21  Immortal  
  124  8:26  Gateway  
  124  8:27  High Templar  
  130  8:35  Zealot x5  
  130  8:39  Zealot x2  
  134  8:45  Gateway  
  134  8:47  Immortal  
  116  8:55  Zealot x5  
  116  8:57  Immortal  
  116  8:59  Shield Battery  
  126  9:10  Archon  
  126  9:12  Zealot x3  
  126  9:14  Probe  
  127  9:17  High Templar x2  
  127  9:18  High Templar x3  
  137  9:24  High Templar  
  137  9:26  Immortal  
  143  9:35  High Templar x2  
  143  9:38  Zealot  
  149  9:39  Warp Prism, Archon  
  149  9:43  Zealot  
  149  9:45  Blink  
  151  9:48  Observer  
  151  9:53  Stalker  
  151  9:56  High Templar  
  151  9:57  Pylon  
  151  9:59  Pylon  
  155  10:00  Pylon  
  155  10:01  Pylon  
  155  10:04  Pylon  
  155  10:06  Observer  
  154  10:15  High Templar, Photon Cannon  
  154  10:16  High Templar, Nexus  
  154  10:17  Zealot x3, Sentry, Pylon  
  154  10:18  Zealot x3  
  154  10:20  Archon  
  172  10:33  Zealot  
  166  10:39  Zealot x3  
  156  10:43  Zealot x4  
  156  10:48  Zealot x2  
  152  10:50  Probe  
  153  10:57  Pylon  
  149  11:04  Zealot x8  
  149  11:10  Archon x2  
  156  11:14  Immortal, Archon  
  156  11:16  Zealot x2  
  156  11:17  Immortal  
  156  11:18  Probe  
  141  11:21  Probe  
  134  11:26  High Templar x8  
  134  11:30  Archon x4  
  148  11:33  Probe  
  148  11:37  Zealot x2  
  153  11:45  Zealot x2, Warp Prism, Probe  
  148  11:59  Stalker x8  
  164  12:05  Probe  
  164  12:06  Probe  
  166  12:11  Probe  
  159  12:21  Zealot x2  
Show
View Real Time Build Order
Export as new Build Order

GOReynor Zerg 

Build Orders: Hatch First 

Get SALT Encoding   

  12  0:00  Drone  
  13  0:12  Overlord  
  13  0:17  Drone  
  14  0:30  Drone x2  
  16  0:45  Drone  
  16  0:46  Drone  
  18  0:54  Hatchery  
  17  0:57  Drone  
  17  1:01  Extractor  
  17  1:13  Spawning Pool  
  17  1:15  Drone  
  17  1:19  Drone  
  18  1:28  Drone  
  19  1:38  Drone  
  20  1:49  Overlord  
  20  2:00  Zergling x2  
  21  2:05  Queen x2  
  21  2:06  Drone  
  26  2:11  Drone  
  27  2:17  Zergling x2  
  27  2:21  Metabolic Boost  
  28  2:23  Drone  
  28  2:29  Drone  
  30  2:33  Hatchery  
  30  2:36  Drone  
  30  2:41  Drone  
  31  2:46  Overlord  
  31  2:49  Drone  
  32  2:53  Queen  
  32  2:55  Zergling x2  
  35  3:00  Drone  
  35  3:05  Drone  
  37  3:11  Overlord  
  37  3:15  Zergling x4  
  37  3:18  Drone x2  
  41  3:24  Overlord  
  41  3:29  Drone, Queen  
  41  3:32  Drone  
  45  3:40  Spore Crawler, Drone  
  45  3:42  Drone  
  45  3:47  Overlord  
  46  3:48  Drone x2  
  46  3:49  Drone x3  
  46  3:51  Spore Crawler  
  46  3:52  Drone x2  
  51  3:56  Drone x2  
  51  4:02  Drone  
  54  4:03  Spore Crawler  
  54  4:08  Drone x2  
  55  4:12  Drone  
  55  4:13  Queen  
  55  4:16  Drone  
  55  4:17  Drone  
  60  4:20  Drone x4  
  60  4:24  Overlord  
  66  4:31  Drone x5  
  66  4:32  Drone  
  66  4:34  Drone  
  71  4:39  Overlord  
  71  4:40  Drone  
  71  4:41  Lair  
  71  4:44  Drone  
  73  4:46  Drone x2  
  73  4:47  Drone  
  73  4:50  Drone, Roach Warren  
  76  4:53  Extractor  
  76  4:54  Overlord, Extractor  
  76  4:55  Drone  
  76  4:56  Drone  
  76  5:00  Overlord  
  76  5:02  Drone x3  
  76  5:05  Overlord  
  75  5:07  Queen  
  75  5:13  Drone x3, Extractor x2  
  75  5:14  Drone x2  
  80  5:17  Queen  
  80  5:20  Drone  
  83  5:22  Drone  
  83  5:24  Drone  
  83  5:25  Extractor  
  83  5:27  Evolution Chamber  
  83  5:30  Hatchery  
  82  5:38  Overlord  
  82  5:41  Hydralisk Den  
  82  5:42  Drone  
  80  5:43  Drone  
  80  5:45  Overlord  
  80  5:46  Overseer  
  81  5:52  Drone  
  81  5:53  Baneling Nest  
  81  5:55  Drone x10  
  91  6:00  Drone, Overlord  
  91  6:02  Zerg Melee Weapons Level 1  
  92  6:04  Drone  
  92  6:10  Drone  
  94  6:11  Evolution Chamber  
  94  6:16  Hydralisk x4, Overlord  
  101  6:19  Hydralisk  
  101  6:21  Grooved Spines  
  103  6:26  Hydralisk x3, Overlord  
  103  6:29  Drone  
  110  6:35  Overlord  
  110  6:39  Drone x2  
  110  6:41  Zerg Missile Weapons Level 1  
  110  6:42  Centrifical Hooks  
  110  6:43  Drone  
  110  6:45  Infestation Pit, Drone  
  110  6:46  Drone x4  
  115  6:48  Hydralisk x2  
  115  6:52  Zergling x6  
  115  6:53  Zergling x2  
  123  6:57  Hydralisk x2  
  123  6:58  Zergling x2  
  123  7:00  Queen  
  130  7:03  Pneumatized Carapace  
  130  7:06  Hydralisk  
  130  7:07  Zergling x6  
  135  7:10  Overlord  
  135  7:15  Drone  
  135  7:20  Hatchery  
  135  7:22  Baneling x7  
  134  7:26  Zergling x24  
  146  7:33  Hydralisk x4  
  146  7:35  Muscular Augments  
  153  7:37  Zergling x4  
  153  7:41  Queen  
  153  7:44  Spore Crawler  
  156  7:45  Overlord  
  156  7:52  Baneling x7  
  156  7:53  Hive  
  156  7:56  Drone x3  
  159  8:00  Zergling x12  
  159  8:01  Zergling x12  
  159  8:05  Baneling x7  
  171  8:09  Overlord  
  171  8:12  Extractor  
  165  8:13  Extractor  
  165  8:17  Hydralisk  
  165  8:18  Zergling x18  
  160  8:21  Zerg Melee Weapons Level 2  
  160  8:26  Hydralisk  
  162  8:27  Zergling x6  
  162  8:29  Baneling  
  162  8:30  Baneling x6  
  162  8:34  Hydralisk, Zergling x4  
  164  8:35  Zergling x4  
  164  8:37  Hydralisk  
  164  8:38  Zergling x4  
  164  8:43  Baneling x5  
  164  8:45  Drone x3  
  164  8:46  Hydralisk, Zergling x6  
  164  8:48  Zergling x6  
  171  8:53  Hydralisk x2  
  171  8:54  Zergling x6  
  171  8:55  Zergling x6  
  164  9:03  Hydralisk  
  164  9:04  Zergling x4  
  164  9:05  Hydralisk, Zergling x6  
  164  9:06  Hydralisk  
  163  9:13  Hydralisk, Zergling x6  
  163  9:16  Spire  
  163  9:19  Drone x3  
  163  9:21  Baneling x8  
  166  9:24  Zergling x10  
  166  9:28  Zergling x4  
  166  9:29  Adrenal Glands  
  173  9:33  Drone x2  
  173  9:36  Zergling x10  
  180  9:43  Overlord  
  176  9:54  Drone, Overlord  
  176  9:55  Zerg Missile Weapons Level 2  
  176  9:59  Extractor  
  176  10:01  Overlord  
  176  10:03  Zergling x2  
  176  10:04  Hydralisk x2, Zergling x14  
  176  10:05  Zergling x4  
  176  10:06  Baneling x12  
  188  10:17  Spine Crawler  
  188  10:19  Spine Crawler  
  188  10:21  Spine Crawler  
  185  10:22  Overseer  
  185  10:25  Zergling x2  
  185  10:26  Zergling x26  
  185  10:28  Hatchery  
  198  10:30  Overlord  
  198  10:32  Hydralisk  
  198  10:33  Zergling x8  
  194  10:36  Hydralisk  
  194  10:37  Zergling x8  
  182  10:45  Hydralisk, Zergling x16  
  182  10:46  Zergling x6  
  175  10:51  Baneling x14  
  175  10:53  Baneling x4  
  175  10:54  Zergling x2  
  171  10:57  Greater Spire  
  171  11:00  Hydralisk, Zergling x2  
  171  11:01  Zergling x4  
  171  11:03  Hydralisk  
  163  11:04  Zergling x6  
  163  11:09  Hydralisk x2, Zergling x6  
  154  11:15  Hydralisk x2, Zergling x6  
  148  11:23  Hydralisk  
  148  11:24  Zergling x14  
  147  11:26  Baneling x2  
  147  11:27  Baneling x4  
  147  11:28  Baneling  
  147  11:31  Hydralisk, Baneling x6  
  147  11:32  Zergling x2  
  148  11:41  Hydralisk x2  
  148  11:42  Zergling x4  
  148  11:45  Hydralisk x2  
  146  11:48  Hydralisk  
  146  11:49  Hydralisk  
  146  11:58  Hydralisk  
  146  11:59  Zergling x4  
  146  12:01  Baneling x9  
Tags
 
Add a new tag
Caveats
  • Supply blocks, unpowered buildings, or Contaminate may cause inaccurate times.
  • Supply counts are checked every 10 seconds.